 Dungeon Crawl Stone Soup version 0.24-a0-443-g80245de385 (webtiles) character file.

Game seed: 2950821596625335155

232 Kisielow the Cudgeler (level 6, -1/38 HPs)
             Began as a Gargoyle Fighter on June 21, 2019.
             Slain by an ogre
             ... wielding a +0 giant spiked club
              (24 damage)
             ... on level 4 of the Dungeon.
             The game lasted 00:05:33 (3093 turns).

Kisielow the Cudgeler (Gargoyle Fighter)            Turns: 3093, Time: 00:05:34

Health: -1/38      AC: 18    Str: 21    XL:     6   Next: 4%
Magic:  6/6        EV:  4    Int:  9    God:
Gold:   165        SH:  9    Dex:  9    Spells: 5/5 levels left

rFire    . . .     SeeInvis .   a - +0 flail
rCold    . . .     Gourm    .   c - +0 shield
rNeg     + . .     Faith    .   l - +0 plate armour
rPois    ∞         Spirit   .   o - +1 helmet
rElec    +         Reflect  .   (no cloak)
rCorr    .         Harm     .   (no gloves)
MR       .....                  (no boots)
Stlth    ..........             (no amulet)
HPRegen  0.12/turn              (no ring)
MPRegen  0.10/turn              (no ring)

@: very slightly contaminated
A: negative energy resistance 1, electricity resistance, unbreathing,
petrification resistance, rot immunity, AC +4
a: no special abilities


You were on level 4 of the Dungeon.
You were not hungry.

You visited 1 branch of the dungeon, and saw 4 of its levels.

You collected 165 gold pieces.

Inventory:

Hand Weapons
 a - a +0 flail (weapon)
Armour
 c - a +0 shield (worn)
 l - a +0 plate armour (worn)
 o - a +1 helmet (worn)
Wands
 r - a wand of disintegration (6)
Scrolls
 e - 3 scrolls of remove curse
 h - 2 scrolls of identify
 j - a scroll of enchant armour
 k - 2 scrolls of teleportation
Potions
 d - a potion of might
 g - a potion of haste
 m - 2 potions of curing
 n - a potion of brilliance
 p - a potion of magic
Comestibles
 f - 6 rations
 s - 4 chunks of flesh


   Skills:
 + Level 3.9 Fighting
 * Level 5.0 Maces & Flails
 + Level 3.9 Armour
 + Level 3.9 Shields


You had 5 spell levels left.
You didn't know any spells.
Your spell library was empty.

Dungeon Overview and Level Annotations

Branches:
Dungeon (4/15)
 Temple: D:4-7

Altars:
Dithmenos


Innate Abilities, Weirdness & Mutations

You are resistant to torment.
Your stone body is resilient. (AC +4)
You are immune to poison.
You resist negative energy. (rN+)
You are resistant to electric shocks. (rElec)
You can survive without breathing.
You are immune to petrification.
You are immune to rotting.


Message History

You drop 2 potions of degeneration.
As you read the scroll labeled IFICKA QAUN MOYM, it crumbles to dust.
It is a scroll of enchant armour.
Your +0 helmet glows green for a moment.
As you read the scroll labeled ADAOGA ULLAF, it crumbles to dust.
You feel strangely unstable.
It was a scroll of teleportation.
As you read the scroll labeled PATZETA KUYL, it crumbles to dust.
The scroll dissolves into smoke.
It was a scroll of fog.
Your surroundings suddenly seem different.
An ogre comes into view. It is wielding a +0 giant spiked club.
The ogre shouts!
You hear an angry hiss.
An adder comes into view.
A scorpion comes into view.
The ogre hits you with a +0 giant spiked club!
The adder hisses angrily.
Found a lumpy purple potion.
You hit the ogre.
The ogre is lightly wounded.
The ogre hits you with a +0 giant spiked club!!
Ouch! That really hurt!
You die...

...........
........... ###
#.### ####...#
#......#
#......#
###s.....#
#@OS.....#
#....###........
#.####
#........# #
#........#
#........#
.........#
#.......!#


You could see an ogre, a scorpion and an adder.

Vanquished Creatures
  An orc priest (D:3)
  A hound (D:3)
  Robin (D:2)
  4 adders
  2 oozes (D:1)
  A worm (D:2)
  3 leopard geckos (D:1)
  10 orcs
  8 bats
  A giant cockroach (D:3)
  13 goblins
  15 hobgoblins
  11 jackals (D:1)
  7 kobolds
  4 quokkas
  3 frilled lizards
  8 rats
93 creatures vanquished.

Notes
Turn   | Place    | Note
-------+----------+-------------------------------------------
     0 | D:1      | Kisielow the Gargoyle Fighter began the quest for the Orb.
     0 | D:1      | Reached XP level 1. HP: 14/14 MP: 1/1
    58 | D:1      | Reached XP level 2. HP: 14/19 MP: 2/2
   226 | D:1      | Reached skill level 3 in Maces & Flails
   351 | D:1      | Reached XP level 3. HP: 23/23 MP: 3/3
   861 | D:1      | Reached skill level 4 in Maces & Flails
  1177 | D:2      | Reached XP level 4. HP: 25/28 MP: 4/4
  1284 | D:2      | Noticed Robin
  1335 | D:2      | Killed Robin
  1887 | D:3      | Reached XP level 5. HP: 25/32 MP: 5/5
  2550 | D:3      | Found a shadowy altar of Dithmenos.
  3010 | D:3      | Reached skill level 5 in Maces & Flails
  3048 | D:4      | Reached XP level 6. HP: 32/38 MP: 6/6
  3093 | D:4      | Slain by an ogre

Levels and vault maps discovered:
D:1:      dpeg_arrival_another_circle, layout_basic, kennysheep_minor_cross
D:2:      layout_basic, uniq_robin
D:3:      layout_loops_ring, nicolae_dithmenos_through_a_glass_darkly
D:4:      layout_rooms, first_ration, kennysheep_generic_room_4

Skill      XL: |  1  2  3  4  5 |
---------------+----------------+-----
Maces & Flails | 3 4 5 |  5.0
Fighting       | |  3.9
Armour         | |  3.9
Shields        | |  3.9

Action                   |  1- 3 |  4- 6 || total
-------------------------+-------+-------++-------
Melee: Flail             |   169 |   256 ||   425
  Use: Scroll            |       |    10 ||    10
  Eat: Chunk             |     1 |     7 ||     8
Armor: Scale mail        |    61 |       ||    61
       Plate armour      |    45 |   266 ||   311
Dodge: Dodged            |    41 |    49 ||    90
Block: Shield            |    81 |   174 ||   255

Table legend:
 A = Non-vault XP
 B = Vault XP
 C = Vault XP percentage of total XP
 D = Non-vault monster count
 E = Vault monster count
 F = Vault count percentage of total count
                 A         B        C        D         E       F
            +---------+---------+-------+---------+---------+-------
      Total |     296 |      36 |  10.8 |      82 |      11 |  11.8
            +---------+---------+-------+---------+---------+-------
        D:1 |      74 |       0 |   0.0 |      34 |       0 |   0.0
        D:2 |      49 |      36 |  42.4 |      14 |      11 |  44.0
        D:3 |     158 |       0 |   0.0 |      29 |       0 |   0.0
        D:4 |      15 |       0 |   0.0 |       5 |       0 |   0.0
            +---------+---------+-------+---------+---------+-------
